 Dungeon Crawl Stone Soup version 0.28-a0-94-g325244837d (webtiles) character file.

Game seed: 288569236573513974

31 Leeroy the Slasher (level 3, 0/28 HPs)
             Began as a Djinni Warper on Aug 7, 2021.
             Was a Follower of Qazlal.
             Slain by a gnoll (7 damage)
             ... on level 3 of the Dungeon.
             The game lasted 00:01:35 (1863 turns).

Leeroy the Slasher (Djinni Warper)                  Turns: 1863, Time: 00:01:36

Health: 0/28       AC:  3    Str: 10    XL:     3   Next: 40%
Gold:   60         EV: 11    Int: 15    God:    Qazlal [*.....] SH:  1 Dex: 12

rFire   + . .      SeeInvis .   a - +0 falchion
rCold   . . .      Faith    .   (no shield)
rNeg    . . .      Spirit   .   b - +0 leather armour
rPois   ∞          Reflect  .   (no helmet)
rElec   .          Harm     .   (no cloak)
rCorr   .          Rampage  .   (no gloves)
Will    .....                   (boots unavailable)
Stlth   +.........              (no amulet)
HPRegen 0.09/turn               i - ring of ice
MPRegen 0.00/turn               (no ring)

@: flying
A: sickness immunity, fire resistance 2, cold vulnerability 1, float, innate
caster, hp casting, extra vitality 1
a: Renounce Religion


You were on level 3 of the Dungeon.
You worshipped Qazlal.
Qazlal was aware of your devotion.
You visited 1 branch of the dungeon, and saw 3 of its levels.

You collected 60 gold pieces.

Inventory:

Hand Weapons
 a - a +0 falchion (weapon)
Missiles
 d - 5 boomerangs of dispersal (quivered)
 k - 2 curare-tipped darts
Armour
 b - a +0 leather armour (worn)
Magical Staves
 h - a staff of cold
Jewellery
 i - a ring of ice (left hand)
Wands
 j - a wand of flame (8)
Scrolls
 c - a scroll of blinking
 e - a scroll of identify {unknown}
 g - a scroll of torment {unknown}
Potions
 f - a potion of flight {unknown}


   Skills:
 - Level 2.0 Fighting
 - Level 3.0 Long Blades
 - Level 0.7 Throwing
 - Level 1.0 Armour
 - Level 2.1 Dodging
 + Level 2.6 Spellcasting


You couldn't memorise any spells.
You knew the following spells:

 Your Spells              Type           Power      Damage    Failure   Level
a - Blink                 Tloc           N/A        N/A       14%         2
b - Lesser Beckoning      Tloc           4%         N/A       28%         3
c - Gell's Gravitas       Tloc           4%         N/A       28%         3
d - Teleport Other        Tloc           9%         N/A       28%         3
e - Manifold Assault      Tloc           9%         N/A       95%         5
f - Shock                 Conj/Air       36%        1d5       10%         1
Your spell library was empty.

Dungeon Overview and Level Annotations

Branches:
Dungeon (3/15)

Altars:
Qazlal


Innate Abilities, Weirdness & Mutations

You are immune to sickness and miasma.
You are immune to poison.
Your flesh is very heat resistant. (rF++)
You are vulnerable to cold. (rC-)
You float through the air rather than walking.
You learn spells naturally, not from books.
Your magical power is your life essence.
You have superior vitality. (+4 HP)


Message History

The slug dart misses you. The gnoll closely misses you.
You riposte.
You closely miss the gnoll.
There is a stone staircase leading down here.
The gnoll hits you with a +0 whip! The gnoll closely misses you.
You fly downwards.
There is a stone staircase leading up here.
You hit the gnoll.
The gnoll is heavily wounded.
The gnoll barely misses you.
You riposte.
You hit the gnoll but do no damage.
The gnoll is heavily wounded.
You hit the gnoll.
The gnoll is heavily wounded.
You block the gnoll's attack.
You barely miss the gnoll.
The gnoll is heavily wounded.
The gnoll hits you but does no damage.
You barely miss the gnoll.
The gnoll is heavily wounded.
The gnoll hits you with a +0 whip.
You hit the gnoll.
The gnoll is almost dead.
The gnoll hits you but does no damage.
You barely miss the gnoll.
The gnoll is almost dead.
The gnoll hits you with a +0 whip. The gnoll misses you.
You hit the gnoll but do no damage.
The gnoll is almost dead.
The gnoll completely misses you.
You riposte.
You barely miss the gnoll.
The gnoll is almost dead.
You hit the gnoll but do no damage.
The gnoll is almost dead.
The gnoll closely misses you.
You hit the gnoll.
You kill the gnoll!
Qazlal accepts your kill. The gnoll hits you with a +0 whip.
You barely miss the gnoll. The gnoll hits you with a +0 whip.
* * * LOW HITPOINT WARNING * * *
You closely miss the gnoll. The gnoll hits you with a +0 whip!
You die...

###
#@#
#g#
#.#
..#
####


You could see a gnoll.

Vanquished Creatures
  A gnoll (D:3)
  4 endoplasms
  3 goblins
  2 hobgoblins (D:1)
  2 kobolds
  2 quokkas (D:1)
  A ball python (D:1)
  3 bats
  2 frilled lizards (D:1)
20 creatures vanquished.

Notes
Turn   | Place    | Note
-------+----------+-------------------------------------------
     0 | D:1      | Leeroy the Djinni Warper began the quest for the Orb.
     0 | D:1      | Reached XP level 1. HP: 18/18 MP: 0/0
    75 | D:1      | Reached skill level 2 in Long Blades
   494 | D:1      | Reached XP level 2. HP: 22/23 MP: 0/0
   957 | D:1      | Found a faded altar of an unknown god.
   973 | D:1      | Became a worshipper of Qazlal Stormbringer
   973 | D:1      | Reached * piety under Qazlal
  1599 | D:2      | Reached XP level 3. HP: 12/28 MP: 0/0
  1599 | D:2      | Learned a level 1 spell: Shock
  1615 | D:3      | Reached skill level 3 in Long Blades
  1863 | D:3      | Slain by a gnoll

Illustrated notes

Levels and vault maps discovered:
D:1:      evilmike_arrival_hilbert_curve, layout_loops_corners,
          ebering_ecumenical_altar_webs
D:2:      layout_basic
D:3:      layout_basic, serial_shops, nicolae_shop_trees, uniq_grinder

Skill      XL: |  1  2  3 |
---------------+----------+-----
Long Blades    | 2 3 |  3.0
Fighting       | |  2.0
Throwing       | |  0.7
Armour         | |  1.0
Dodging        | |  2.1
Spellcasting   | |  2.6

Action                   || total
-------------------------++-------
Melee: Falchion          ||    59
 Cast: Blink             ||     1
       Shock             ||     1
Armor: Leather armour    ||    18
Dodge: Dodged            ||    42
Block: Other             ||     3
       Rpst.: Falchion   ||    16

Table legend: (Time is in decaauts)
 A = Elapsed time spent in this place.
 B = Non-inter-level travel time spent in this place.
 C = Inter-level travel time spent in this place.
 D = Time resting spent in this place.
 E = Time spent auto-exploring this place.
 F = Levels seen in this place.
 G = Mean time per level.
                   A        B        C        D        E       F      G
               +--------+--------+--------+--------+--------+-----+--------+
         Total |   1872 |   1861 |     11 |    232 |   1453 |   3 |  624.0 |
       Dungeon |   1872 |   1861 |     11 |    232 |   1453 |   3 |  624.0 |
               +--------+--------+--------+--------+--------+-----+--------+

Top non-repeatable levels by time:
     D:1: 1374 daAuts
     D:3: 250 daAuts
     D:2: 247 daAuts
